[Event "44th Chess Olympiad Women 2022"]
[Site "Chennai"]
[Date "2022.07.31"]
[Round "3.13"]
[White "Cramling Bellon, Anna"]
[Black "Garcia Martin, Marta"]
[Result "0-1"]
[WhiteElo "2065"]
[BlackElo "2305"]
[Annotator "ChessBase"]
[PlyCount "110"]
[EventDate "2022.??.??"]
[TimeControl "60"]

1. d4 d5 2. Nf3 e6 3. e3 Nf6 4. Bd3 b6 5. Nbd2 Bb7 6. c3 Nbd7 7. O-O Bd6 8.
Qe2 Ne4 9. Ba6 Bxa6 10. Qxa6 f5 11. c4 c6 12. c5 bxc5 13.
dxc5 Ndxc5 14. Qxc6+ Ke7 15. b4 Rc8 16. Qb5 Nc3 17. Qa5 Qxa5 18.
bxa5 Ne2+ 19. Kh1 Nd3 20. Nb3 e5 21. Bd2 Rc4 22. Ne1 Nb4 23.
Bxb4 Bxb4 24. Nd3 Bd6 25. Rfe1 Nc3 26. Nb2 Rb4 27. Nd3 Rb5 28. f4 e4 29. Ndc1 g6 30. Nd4 Rb2 31. Ncb3 a6 32. Rec1 Nxa2 33. Rc6 Nb4 34. Rb6 Rc8 35. Rb7+ Kf6 36. h3 h5 37. Rb6 Ke7 38. Rb7+ Rc7 39. Rxc7+ Bxc7 40. Rc1 Bd6 41. Kh2 h4 42. Nc5 Na2 43. Nc6+ Ke8 44. Na4 Nxc1 45. Nxb2 Nb3 46. Nd1 Kd7 47. Ne5+ Bxe5 48. fxe5 Ke6 49. g3 Nxa5 50. gxh4 Nc4 51. Kg3 Kxe5 52. h5 gxh5 53. Kh4 f4 54. exf4+ Kxf4 55. Kxh5 d4 0-1

[Event "44th Chess Olympiad Women 2022"]
[Site "Chennai"]
[Date "2022.07.31"]
[Round "3.13"]
[White "Cramling, Pia"]
[Black "Vega Gutierrez, Sabrina"]
[Result "1-0"]
[WhiteElo "2459"]
[BlackElo "2366"]
[Annotator "ChessBase"]
[PlyCount "77"]
[EventDate "2022.??.??"]
[TimeControl "60"]

1. d4 d5 2. Nf3 Nf6 3. c4 e6 4. g3 c6 5. Bg2 Be7 6. O-O O-O 7. Qc2 b6 8. Rd1 Ba6 9. b3 Nbd7 10. Nbd2 Rc8 11. e4 c5 12. exd5 exd5 13.
Nf1 Re8 14. Ne3 b5 15. dxc5 Bxc5 16. Nxd5 Nxd5 17. Rxd5 Bb7 18.
Rd1 Be4 19. Qc3 Be7 20. Be3 Bf6 21. Bd4 bxc4 22. bxc4 Nb6 23. c5 Nd5 24. Qc4 Qc7 25. Rac1 h6 26. Bxf6 Nxf6 27. Nd4 Bxg2 28. Kxg2 Nd7 29. c6 Ne5 30. Qc5 a6 31. Rd2 Red8 32. Rc3 Ng4 33. Re2 Nf6 34. Re7 Qd6 35. c7 Rd7 36. Nf5 Qxc5 37. Rxc5 Rd5 38. Rxd5 Nxd5 39. Re5 1-0

[Event "44th Chess Olympiad Women 2022"]
[Site "Chennai"]
[Date "2022.07.31"]
[Round "3.13"]
[White "Matnadze, Ana"]
[Black "Agrest, Inna"]
[Result "1/2-1/2"]
[WhiteElo "2406"]
[BlackElo "2217"]
[Annotator "RC"]
[PlyCount "94"]
[EventDate "2022.??.??"]
[TimeControl "60"]

1. Nf3 Nf6 2. g3 g6 3. Bg2 Bg7 4. O-O O-O 5. d4 d6 6. Re1 Nbd7 7. e4 e5 8. c3 Re8 9. Nh4 c6 10. h3 d5 11. exd5 Nxd5 12. c4 N5b6 13.
d5 Nxc4 14. dxc6 bxc6 15. Bxc6 Rb8 16. Nc3 Qc7 17. Qf3 e4 18. Bxe4 Nde5 19. Qf4 Bxh3 20. Nd5 Qa5 21. Re2 Rbd8 22. b4 Qa4 23. Be3 Nxe3 24. fxe3 Qb5 25. Rd2 Be6 26. Nc7 Qxb4 27. Nxe8 Qxd2 28. Nxg7 Qc3 29. Rf1 Bc4 30. Rf2 Rd1+ 31. Kg2 Kxg7 32. Qf6+ Kg8 33. Nf3 Bf1+ 34. Rxf1 Qb2+ 35. Kh3 Rxf1 36. Qxe5 Rh1+ 37. Kg4 f5+ 38. Bxf5 Qxe5 39. Nxe5 gxf5+ 40. Kxf5 Ra1 41.
e4 Rxa2 42. Ng4 Kf7 43. e5 Ke7 44. Ne3 Rf2+ 45. Ke4 Re2 46.
Kf3 Rxe3+ 47. Kxe3 Ke6 1/2-1/2

[Event "44th Chess Olympiad Women 2022"]
[Site "Chennai"]
[Date "2022.07.31"]
[Round "3.14"]
[White "Forgas Moreno, Yaniela"]
[Black "Phan, Nguyen Mai Chi"]
[Result "1-0"]
[WhiteElo "2343"]
[BlackElo "2139"]
[Annotator "RC"]
[PlyCount "109"]
[EventDate "2022.??.??"]
[TimeControl "60"]

1. d3 d5 2. f4 c5 3. Nf3 Nf6 4. g3 g6 5. Bg2 Bg7 6. O-O O-O 7. Nc3 d4 8. Na4 Qc7 9. c4 Nbd7 10. Rb1 a5 11. a3 Ra6 12. b4 axb4 13. axb4 b6 14. Bd2 Bb7 15. bxc5 bxc5 16. Rxb7 Qxb7 17. Nxd4 Qc7 18. Nb5 Qc8 19. Qc2 Nb6 20. Nxb6 Rxb6 21. e3 Ne8 22. Nc3 e6 23. Nb5 Nd6 24. Ba5 Ra6 25. Nxd6 Rxd6 26. Rb1 Bf6 27. Rb5 Bd8 28. Bc3 f6 29. Bb2 Rb6 30. Ba3 Rxb5 31. cxb5 Bb6 32. Qc4 Kf7 33. Bc6 Rd8 34. Bxc5 Bxc5 35. Qxc5 Rxd3 36. Qa7+ Kg8 37. Kf2 Rd6 38. Qc5 Qc7 39. Ke2 Kg7 40. g4 Qd8 41. Qc3 Kf7 42. h4 g5 43. fxg5 fxg5 44. h5 Qf6 45.
Be8+ Ke7 46. Qc7+ Kxe8 47. Qxd6 Qb2+ 48. Kf3 Qxb5 49. Qxe6+ Kf8 50. Qf5+ Qxf5+ 51. gxf5 h6 52. e4 Ke7 53. e5 Kf7 54. f6 Ke6 55. Kg4 1-0

[Event "44th Chess Olympiad Women 2022"]
[Site "Chennai"]
[Date "2022.07.31"]
[Round "3.14"]
[White "Nguyen, Thu Giang"]
[Black "Hernandez Gil, Ineymig"]
[Result "1-0"]
[WhiteElo "2119"]
[BlackElo "2234"]
[Annotator "RC"]
[PlyCount "135"]
[EventDate "2022.??.??"]
[TimeControl "60"]

1. e4 c6 2. d4 d5 3. Nc3 dxe4 4. Nxe4 Bf5 5. Ng3 Bg6 6. Nh3 Nd7 7. Bc4 Ngf6 8. Nf4 Qc7 9. Qe2 Nb6 10. Bb3 Nbd5 11. Nxg6 hxg6 12. c4 Nb6 13. Bg5 O-O-O 14. O-O-O e6 15. Kb1 Be7 16. h3 Nh5 17. Bxe7 Qxe7 18. Ne4 Nf6 19. Nc5 Rh4 20. Qe3 Qd6 21. g4 Rhh8 22. f4 Nbd7 23. Nd3 Rhf8 24. Ne5 Kb8 25. g5 Nh5 26. Rhf1 Rde8 27. Rd2 Qc7 28. Rdf2 Re7 29. Bc2 Nxe5 30. fxe5 Rd8 31. Rd1 Red7 32. Rfd2 Qb6 33. Be4 a6 34. Rd3 Ka8 35. c5 Qc7 36. Rb3 Qc8 37. Rb6 Rc7 38. b4 Ka7 39. Bd3 Rdd7 40. Bc4 Qd8 41. Rd3 Qc8 42. Ra3 Ng3 43. Qxg3 Rxd4 44. Bxa6 bxa6 45. Raxa6+ Qxa6 46.
Rxa6+ Kxa6 47. Qa3+ Kb7 48. Qa5 Rd5 49. Qb6+ Kc8 50. a4 Rxe5 51. a5 Rd5 52. a6 Rdd7 53. a7 Rxa7 54. Qxc6+ Rdc7 55. Qd6 Rd7 56. Qf8+ Rd8 57. Qxg7 Rb7 58. Qc3 Kc7 59. Qe5+ Kc8 60. Qe4 Rd5 61. Ka2 Rxg5 62. Qc6+ Kb8 63. b5 Ra7+ 64. Kb3 Rg3+ 65. Kb4 Raa3 66. Qe8+ Kb7 67. c6+ Ka7 68. Qd7+ 1-0

[Event "44th Chess Olympiad Women 2022"]
[Site "Chennai"]
[Date "2022.07.31"]
[Round "3.14"]
[White "Ordaz Valdes, Lisandra Teresa"]
[Black "Ryjanova, Julia"]
[Result "1/2-1/2"]
[WhiteElo "2367"]
[BlackElo "2284"]
[Annotator "RC"]
[PlyCount "94"]
[EventDate "2022.??.??"]
[TimeControl "60"]

1. d4 Nf6 2. c4 e6 3. Nc3 Bb4 4. e3 O-O 5. Bd2 d5 6. Nf3 c6 7. Bd3 Nbd7 8.
O-O Qe7 9. a3 Bd6 10. Qc2 dxc4 11. Bxc4 e5 12. h3 h6 13. Nh4 Nb6 14. Ng6 Qc7 15. Ba2 exd4 16. Ne4 Nxe4 17. Qxe4 Rd8 18. exd4 Nd5 19. Ne5 Be6 20. Ng4 Re8 21. Qf3 Bf4 22. Rad1 Bxd2 23. Rxd2 Bxg4 24. hxg4 Rad8 25. Rfd1 Qe7 26. g3 Qe4 27. Kg2 Qxf3+ 28. Kxf3 Rd6 29. Bxd5 Rxd5 30. Re2 Rxe2 31. Kxe2 Kf8 32. Ke3 Ke7 33. Ke4 Rb5 34. b4 a5 35. Rb1 Ke6 36. Kd3 axb4 37. axb4 Kd6 38. Ke4 h5 39. gxh5 Rxh5 40. g4 Rh6 41. Ra1 Re6+ 42. Kd3 Rf6 43. Ke3 Kd5 44. Ra7 Re6+ 45. Kd3 Re4 46. Rxb7 Rxd4+ 47. Ke3 Rxg4 1/2-1/2

[Event "44th Chess Olympiad Women 2022"]
[Site "Chennai"]
[Date "2022.07.31"]
[Round "3.14"]
[White "Zhang, Jilin"]
[Black "Arribas Robaina, Maritza"]
[Result "1/2-1/2"]
[WhiteElo "2212"]
[BlackElo "2239"]
[Annotator "RC"]
[PlyCount "81"]
[EventDate "2022.??.??"]
[TimeControl "60"]

1. e4 e6 2. d4 d5 3. Nc3 Nf6 4. e5 Nfd7 5. f4 c5 6. Nf3 Nc6 7. Be3 Be7 8. Qd2 a6 9. dxc5 Nxc5 10. Nd4 Bd7 11. Bd3 O-O 12. O-O Nxd3 13. cxd3 f6 14. Nxc6 Bxc6 15. d4 f5 16. Rf3 Rc8 17. Bf2 Rf7 18. Rc1 Bf8 19. a3 Rfc7 20. Na2 Bb5 21. Rxc7 Rxc7 22. Rc3 Be7 23. Qc2 Rc4 24. b3 Rxc3 25. Qxc3 Qe8 26. a4 Bc6 27. Nb4 Bd7 28. Nd3 Qc8 29. Qxc8+ Bxc8 30. a5 Bd7 31. b4 Kf7 32. Nc5 Bc6 33. Be1 h6 34. g3 g5 35. Kg2 Bxc5 36. bxc5 g4 37. Kf2 Ke7 38. Ke3 Bb5 39. Kd2 Kd7 40. Kc3 Kc6 41. Kb4 1/2-1/2

[Event "44th Chess Olympiad Women 2022"]
[Site "Chennai"]
[Date "2022.07.31"]
[Round "3.15"]
[White "Alboredo, Julia"]
[Black "Salimova, Nurgyul"]
[Result "0-1"]
[WhiteElo "2264"]
[BlackElo "2416"]
[Annotator "ChessBase"]
[PlyCount "79"]
[EventDate "2022.??.??"]
[TimeControl "60"]

1. e4 c6 2. d4 d5 3. e5 Bf5 4. h4 h5 5. Bd3 Bxd3 6. Qxd3 Qa5+ 7. b4 Qa6 8.
Qb3 e6 9. Nf3 Ne7 10. a4 Nf5 11. Nbd2 Nd7 12. Bb2 Qb6 13. Bc3 Be7 14. g3 Qd8 15. Nf1 b6 16. Bd2 c5 17. c3 O-O 18. Ne3 Nxe3 19. Bxe3 cxb4 20. cxb4 a5 21. b5 Bb4+ 22. Kf1 Rc8 23. Ng5 g6 24. g4 hxg4 25.
Qd1 Bc3 26. Rc1 Rc4 27. Qd3 Bxd4 28. Nxe6 Rxc1+ 29. Bxc1 Nc5 30. Qxd4 Nxe6 31. Qxg4 Qc7 32. Be3 d4 33. Bh6 Rc8 34. h5 Qc4+ 35. Kg2 Qd5+ 36. Kg1 Qxe5 37. hxg6 f5 38. Qh3 Qe1+ 39. Kg2 Qe4+ 40. Kg3 0-1

[Event "44th Chess Olympiad Women 2022"]
[Site "Chennai"]
[Date "2022.07.31"]
[Round "3.15"]
[White "Peycheva, Gergana"]
[Black "Librelato, Kathie Goulart"]
[Result "1-0"]
[WhiteElo "2295"]
[BlackElo "2255"]
[Annotator "RC"]
[PlyCount "93"]
[EventDate "2022.??.??"]
[TimeControl "60"]

1. d4 d5 2. c4 e6 3. Nf3 c6 4. e3 Nf6 5. Qc2 Nbd7 6. Nc3 Bd6 7. b3 b6 8. Be2 Bb7 9. O-O O-O 10. Bb2 Re8 11. Rad1 Qe7 12. e4 Nxe4 13. Nxe4 dxe4 14. Qxe4 Nf6 15. Qc2 Ba3 16. Ba1 Rad8 17. Ne5 c5 18. Bf3 Bxf3 19. Nxf3 Qc7 20. d5 exd5 21. Bxf6 gxf6 22. Rxd5 Rxd5 23. cxd5 b5 24. Qd3 a6 25. Rd1 Qd6 26. h4 Rc8 27. h5 c4 28. Qf5 Re8 29. bxc4 bxc4 30. Qg4+ Kh8 31. Qxc4 h6 32. Qd3 Bc5 33. Rc1 Rd8 34. Qd2 Kg7 35.
Rd1 Bb6 36. Nh4 Qe5 37. Qd3 Qxh5 38. Nf5+ Kh8 39. Rb1 Bc5 40. d6 Qg5 41. g3 h5 42. Kg2 Qg6 43. Rd1 Rb8 44. d7 Rd8 45.
Re1 Bb6 46. Qd5 Kh7 47. Rh1 1-0

[Event "44th Chess Olympiad Women 2022"]
[Site "Chennai"]
[Date "2022.07.31"]
[Round "3.15"]
[White "Radeva, Viktoria"]
[Black "Gazola, Vanessa Ramos"]
[Result "1-0"]
[WhiteElo "2289"]
[BlackElo "2000"]
[Annotator "RC"]
[PlyCount "81"]
[EventDate "2022.??.??"]
[TimeControl "60"]

1. e4 e5 2. Nf3 Nf6 3. Nxe5 d6 4. Nf3 Nxe4 5. d4 d5 6. Bd3 Bd6 7. O-O O-O 8. Nbd2 Bf5 9. Re1 Re8 10. Nf1 Bg6 11. Ne3 c6 12. c4 Nf6 13. Bxg6 hxg6 14. cxd5 Nxd5 15. Nxd5 Rxe1+ 16. Nxe1 cxd5 17. Qb3 b6 18. g3 Be7 19. Bf4 Nc6 20. Nf3 Na5 21. Qd3 Nc4 22. b3 Nd6 23. Bxd6 Qxd6 24. Rc1 Bf6 25. Qb5 Rd8 26. h4 Qe6 27. Kg2 Qg4 28. Re1 Qc8 29. a4 Kf8 30. Re3 Qd7 31. Qxd7 Rxd7 32. Rc3 Ke7 33. g4 Kd8 34. g5 Be7 35. Ne5 Rc7 36. Nxf7+ Kc8 37. Rxc7+ Kxc7 38. Ne5 Bb4 39. Kf3 Kd6 40. Nxg6 Ke6 41. Nf4+ 1-0

[Event "44th Chess Olympiad Women 2022"]
[Site "Chennai"]
[Date "2022.07.31"]
[Round "3.15"]
[White "Terao, Juliana Sayumi"]
[Black "Krasteva, Beloslava"]
[Result "0-1"]
[WhiteElo "2223"]
[BlackElo "2249"]
[Annotator "RC"]
[PlyCount "82"]
[EventDate "2022.??.??"]
[TimeControl "60"]

1. e4 c5 2. c3 d5 3. exd5 Qxd5 4. d4 Nf6 5. Nf3 e6 6. Na3 Nc6 7. Be2 Qd8 8. Nc2 b6 9. O-O Bb7 10. Bf4 Be7 11. Re1 O-O 12. a3 Rc8 13.
dxc5 Bxc5 14. b4 Nd5 15. Bd2 Bd6 16. c4 Nf4 17. Bxf4 Bxf4 18. Qxd8 Rfxd8 19. Rad1 Kf8 20. g3 Bb8 21. Kf1 Rxd1 22. Rxd1 Ke7 23. Ke1 Ne5 24. Nxe5 Bxe5 25. Ne3 a5 26. bxa5 bxa5 27. Rb1 Be4 28.
Rb5 Bc3+ 29. Kf1 Bc6 30. Rb3 Bd4 31. Nc2 Bc5 32. Ke1 e5 33.
Ne3 a4 34. Rd3 Rb8 35. Bd1 Rb1 36. Nd5+ Kf8 37. Nc3 Ra1 38. Nb5 Be4 39. Rd2 Bf3 40. Rd3 e4 41. Rd2 Bb6 0-1

[Event "44th Chess Olympiad Women 2022"]
[Site "Chennai"]
[Date "2022.07.31"]
[Round "3.16"]
[White "Hapala, Elisabeth"]
[Black "Pratyusha, Bodda"]
[Result "0-1"]
[WhiteElo "2113"]
[BlackElo "2310"]
[Annotator "RC"]
[PlyCount "117"]
[EventDate "2022.??.??"]
[TimeControl "60"]

1. e4 c6 2. d4 d5 3. e5 c5 4. dxc5 e6 5. a3 Nc6 6. Nf3 Bxc5 7. b4 Bb6 8.
Bd3 Nge7 9. O-O Ng6 10. Bb2 a6 11. Re1 O-O 12. Nbd2 Bd7 13.
c4 dxc4 14. Nxc4 Bc7 15. Rc1 Nce7 16. Qc2 Bc6 17. Ncd2 Rc8 18. Qb1 Bd5 19. h4 Ba2 20. Qxa2 Qxd3 21. Ne4 Nf4 22. Rcd1 Ne2+ 23. Kf1 Ng3+ 24. Kg1 Ne2+ 25. Kf1 Qxe4 26. Rxe2 Qg6 27. Qb3 Nd5 28. Rd4 b5 29. Qc2 Bb6 30. Qxg6 hxg6 31. Rdd2 Rc4 32. g3 Rfc8 33. Re1 a5 34. Bd4 axb4 35. axb4 Bxd4 36. Rxd4 Nxb4 37. Rd7 Nd5 38. Ng5 R4c7 39. Rxc7 Rxc7 40. Rb1 b4 41. Ne4 Kf8 42. Ke1 Rc4 43. Nd6 Rc2 44. Ne4 Ke7 45. Nd2 Ra2 46. Rb3 Kd7 47. Rf3 Nc3 48. Nb3 Ke7 49. Rf4 Nd5 50. Rc4 Rb2 51. Nd2 f6 52. exf6+ gxf6 53. g4 Ra2 54. Kd1 Ra1+ 55. Kc2 Rh1 56. g5 fxg5 57. hxg5 Rh2 58. Kb3 Rxf2 59. Ne4 0-1

[Event "44th Chess Olympiad Women 2022"]
[Site "Chennai"]
[Date "2022.07.31"]
[Round "3.16"]
[White "Karavade, Eesha"]
[Black "Newrkla, Katharina"]
[Result "1/2-1/2"]
[WhiteElo "2339"]
[BlackElo "2265"]
[Annotator "RC"]
[PlyCount "54"]
[EventDate "2022.??.??"]
[TimeControl "60"]

1. e4 c5 2. Nf3 d6 3. Bb5+ Nd7 4. d4 cxd4 5. Qxd4 a6 6. Bxd7+ Bxd7 7. c4 e5 8. Qd3 Rc8 9. Nc3 Be6 10. b3 h6 11. O-O Nf6 12. Ne1 Qc7 13.
Bd2 Qc6 14. Nc2 b5 15. cxb5 axb5 16. Nb4 Qb7 17. Rfe1 Rc5 18. Be3 Rc8 19. f3 Bd7 20. Ncd5 Nxd5 21. Nxd5 Be7 22. Rec1 Rxc1+ 23. Rxc1 Bd8 24. Nb4 Bb6 25. Nd5 Bd8 26. Nb4 Bb6 27. Nd5 Bd8 1/2-1/2

[Event "44th Chess Olympiad Women 2022"]
[Site "Chennai"]
[Date "2022.07.31"]
[Round "3.16"]
[White "Sahithi Varshini M"]
[Black "Mayrhuber, Nikola"]
[Result "0-1"]
[WhiteElo "2312"]
[BlackElo "2141"]
[Annotator "RC"]
[PlyCount "92"]
[EventDate "2022.??.??"]
[TimeControl "60"]

1. e4 c5 2. Nf3 d6 3. Bb5+ Bd7 4. Bxd7+ Qxd7 5. c4 Nc6 6. d4 cxd4 7. Nxd4 g6 8. h3 Bg7 9. Be3 Nf6 10. Nc3 O-O 11. O-O Rfc8 12. b3 Nxd4 13.
Bxd4 b5 14. Nxb5 Nxe4 15. Bxg7 Kxg7 16. Re1 f5 17. Qd4+ e5 18. Qd3 a6 19. Nc3 Nxc3 20. Qxc3 Rc5 21. Rad1 Qc7 22. Rd3 Rd8 23. f4 Kf6 24. b4 Rxc4 25. Rxd6+ Kf7 26. Qxc4+ Qxc4 27. Rxd8 Qxf4 28. a3 e4 29. Rd7+ Kf6 30. Rxh7 e3 31. Re2 Qd4 32. Kf1 Qd1+ 33. Re1 Qd3+ 34. Re2 f4 35. Rh8 Qd1+ 36. Re1 Qd3+ 37. Re2 Qb1+ 38. Re1 Qb2 39. Rf8+ Kg5 40. Re2 Qc1+ 41. Re1 Qb2 42. Re2 Qxa3 43. g3 Qc1+ 44. Re1 Qc4+ 45. Re2 fxg3 46. Rf3 g2+ 0-1

[Event "44th Chess Olympiad Women 2022"]
[Site "Chennai"]
[Date "2022.07.31"]
[Round "3.17"]
[White "Alinasab, Mobina"]
[Black "Roebers, Eline"]
[Result "1/2-1/2"]
[WhiteElo "2364"]
[BlackElo "2344"]
[Annotator "RC"]
[PlyCount "76"]
[EventDate "2022.??.??"]
[TimeControl "60"]

1. e4 c5 2. Nf3 d6 3. d4 cxd4 4. Nxd4 Nf6 5. Nc3 a6 6. Be3 e5 7. Nf3 Be7 8. h3 Be6 9. g4 h6 10. g5 hxg5 11. Nxg5 d5 12. exd5 Bxd5 13. Nxd5 Qxd5 14. Qxd5 Nxd5 15. Bd2 Nc6 16. O-O-O f6 17. Ne4 Rh4 18. Bg2 Rd8 19. c3 g6 20. Ng3 Nf4 21. Bxf4 Rxf4 22. f3 f5 23. Ne2 Ra4 24. Kb1 Bg5 25. Rhe1 Bh4 26. Rf1 Ra5 27. c4 Rc5 28. b3 b5 29. cxb5 axb5 30. Rxd8+ Kxd8 31. Rc1 Rxc1+ 32. Kxc1 Kc7 33. a3 Be7 34. b4 Kb6 35. Bf1 Bg5+ 36. Kc2 Be3 37. Kd3 Bg5 38. Kc2 Be3 1/2-1/2

[Event "44th Chess Olympiad Women 2022"]
[Site "Chennai"]
[Date "2022.07.31"]
[Round "3.17"]
[White "Lanchava, Tea"]
[Black "Zahedifar, Anahita"]
[Result "1-0"]
[WhiteElo "2257"]
[BlackElo "2160"]
[Annotator "RC"]
[PlyCount "87"]
[EventDate "2022.??.??"]
[TimeControl "60"]

1. c4 e6 2. Nf3 Nf6 3. b3 d5 4. g3 b6 5. Bg2 Bb7 6. O-O Bd6 7. Nc3 O-O 8. Bb2 a6 9. Rc1 Qe7 10. Qc2 c5 11. cxd5 exd5 12. Nh4 g6 13.
e3 Nbd7 14. Ba1 Ne4 15. f4 f5 16. Nd1 Rac8 17. d3 Nef6 18.
Re1 Rc7 19. Nf2 Qf7 20. Qb2 Re8 21. e4 dxe4 22. dxe4 fxe4 23. Ng4 Kg7 24. Rcd1 Be7 25. Bxe4 c4 26. Bxb7 c3 27. Qc2 Bc5+ 28. Nf2 Rxe1+ 29. Rxe1 Ng4 30. Bxc3+ Kf8 31. Bb4 Nxf2 32. Bxc5+ Nxc5 33. Qc3 Kg8 34. Qf3 Nh3+ 35. Kg2 Nxf4+ 36. gxf4 Nxb7 37. Kh1 Rd7 38. f5 g5 39. Ng2 Nc5 40. f6 h6 41. Qc6 Nd3 42. Qc8+ Qf8 43. Re8 Nf2+ 44. Kg1 1-0

[Event "44th Chess Olympiad Women 2022"]
[Site "Chennai"]
[Date "2022.07.31"]
[Round "3.17"]
[White "Mahdian, Anousha"]
[Black "Ratsma, Rosa"]
[Result "0-1"]
[WhiteElo "2161"]
[BlackElo "2226"]
[Annotator "RC"]
[PlyCount "118"]
[EventDate "2022.??.??"]
[TimeControl "60"]

1. c4 Nf6 2. Nc3 e6 3. e4 d5 4. e5 d4 5. exf6 dxc3 6. bxc3 Qxf6 7. Nf3 b6 8. d4 Bb7 9. Bd3 h6 10. O-O Nd7 11. Nd2 Bd6 12. g3 Qe7 13. a4 O-O 14. a5 Nf6 15. Re1 Qd7 16. Ne4 Nxe4 17. Bxe4 Bxe4 18. Rxe4 Qc6 19. d5 exd5 20. Qxd5 Qxd5 21. cxd5 Rfe8 22. Rxe8+ Rxe8 23. Be3 Kf8 24. Kg2 Ke7 25. Bd4 f6 26. axb6 axb6 27. Re1+ Kd7 28. Rxe8 Kxe8 29. Kf3 Ke7 30. Ke4 g6 31. h4 h5 32. c4 Kf7 33. Kd3 g5 34. Ke4 Kg6 35. f4 gxf4 36. gxf4 f5+ 37. Kf3 Be7 38. Be5 Bd8 39. Kg3 Kf7 40. Kh3 Ke8 41. Kg3 Kd7 42.
Kh3 Kc8 43. Kg3 Kb7 44. Bg7 Be7 45. Be5 Bd8 46. Bg7 Ka6 47.
Bf8 Bf6 48. c5 bxc5 49. Bxc5 Kb5 50. Bf8 Kc4 51. d6 cxd6 52. Bxd6 Kd5 53. Bb8 Ke4 54. Bc7 Bc3 55. Bd6 Be1+ 56. Kg2 Bxh4 57. Bc7 Be1 58. Bd6 Bd2 59. Kg3 Bxf4+ 0-1

[Event "44th Chess Olympiad Women 2022"]
[Site "Chennai"]
[Date "2022.07.31"]
[Round "3.17"]
[White "Van Foreest, Machteld"]
[Black "Masoumi, Sahar"]
[Result "1-0"]
[WhiteElo "2299"]
[BlackElo "1956"]
[Annotator "RC"]
[PlyCount "124"]
[EventDate "2022.??.??"]
[TimeControl "60"]

1. e4 e5 2. Nf3 Nc6 3. Bc4 Bc5 4. c3 Nf6 5. d4 exd4 6. e5 d5 7. Bb5 Ne4 8. cxd4 Bb6 9. h3 O-O 10. O-O f6 11. Be3 Ne7 12. Nc3 Kh8 13.
Bd3 f5 14. Ne2 Ng6 15. Qc1 Be6 16. Ne1 c5 17. dxc5 Rc8 18. b4 Nxe5 19. Qb2 Nxd3 20. Nxd3 Bc7 21. Ndf4 Bf7 22. Rad1 Qe7 23. Bd4 Qg5 24. g3 Rce8 25. Rd3 Re7 26. Be3 Qf6 27. Qxf6 Nxf6 28. Nd4 g6 29. Nb5 Be5 30. Rfd1 g5 31. Ng2 Rg8 32. f4 gxf4 33. gxf4 Bb2 34. Nd6 Bh5 35. Nxf5 Re4 36. Rb1 Bg6 37. Rxb2 Bxf5 38. Bd4 Kg7 39. Ne3 Kf7+ 40. Rg2 Rxg2+ 41. Nxg2 Re2 42. Ra3 a6 43. Ne3 Be4 44. c6 bxc6 45. Rxa6 Nh5 46. Rxc6 Rd2 47. Bc3 Rd3 48. Ng4 Rg3+ 49. Kf2 Rf3+ 50. Ke1 Rxf4 51. b5 Bg2 52. b6 d4 53. Ne5+ Kg7 54. Rc7+ Kg8 55. Rc8+ Kg7 56. Bb2 Kf6 57. Nd3 Rf1+ 58. Kd2 Ke6 59. Bxd4 Ng3 60. Rg8 Ne4+ 61. Kc2 Nd6 62. Rxg2 Kd5 1-0

[Event "44th Chess Olympiad Women 2022"]
[Site "Chennai"]
[Date "2022.07.31"]
[Round "3.18"]
[White "Fronda, Jan Jodilyn"]
[Black "Eric, Jovana"]
[Result "1/2-1/2"]
[WhiteElo "2181"]
[BlackElo "2271"]
[Annotator "RC"]
[PlyCount "118"]
[EventDate "2022.??.??"]
[TimeControl "60"]

1. e4 c5 2. Nf3 d6 3. Bb5+ Nd7 4. c3 Ngf6 5. d3 a6 6. Ba4 b5 7. Bc2 Bb7 8. Nbd2 e6 9. O-O Be7 10. Qe2 Qc7 11. a4 O-O 12. Re1 b4 13.
a5 Rac8 14. Bb3 Rfe8 15. h3 Bf8 16. cxb4 cxb4 17. d4 h6 18.
Ra4 Bc6 19. Ra1 Bb5 20. Qe3 e5 21. d5 Nc5 22. Bc2 Nb7 23.
Bd3 Nxa5 24. Bxb5 axb5 25. b3 Ra8 26. Bb2 Nd7 27. Rec1 Nc5 28.
Ne1 Be7 29. g3 Qd7 30. Kh2 f5 31. Nc2 fxe4 32. h4 Nd3 33. Rcb1 Qc7 34. Ne1 Rf8 35. Nxe4 Nxe1 36. Rxe1 Qc2 37. Rab1 Qxb3 38. Qxb3 Nxb3 39. Bxe5 Nd2 40. Nxd2 dxe5 41. Ne4 Ra6 42. Kg2 Rd8 43. d6 Bxd6 44. Nxd6 Raxd6 45. Rxe5 Rd5 46. Rxd5 Rxd5 47. Rxb4 Kf7 48. Kf3 Ke6 49. Ke4 Kd6 50. f4 Kc6 51. g4 Rd1 52. Kf5 Kc5 53. Rb2 Rd4 54. g5 b4 55.
Kg6 Rxf4 56. Kxg7 hxg5 57. hxg5 Rg4 58. g6 Kc4 59. Kf7 Kc3 1/2-1/2

[Event "44th Chess Olympiad Women 2022"]
[Site "Chennai"]
[Date "2022.07.31"]
[Round "3.18"]
[White "Injac, Teodora"]
[Black "Frayna, Janelle Mae"]
[Result "1/2-1/2"]
[WhiteElo "2372"]
[BlackElo "2224"]
[Annotator "RC"]
[PlyCount "55"]
[EventDate "2022.??.??"]
[TimeControl "60"]

1. d4 Nf6 2. c4 c6 3. Nf3 d5 4. e3 Bf5 5. Nc3 e6 6. Nh4 Be4 7. f3 Bg6 8. Qb3 Qc7 9. cxd5 exd5 10. Nxg6 hxg6 11. Bd2 Nbd7 12. O-O-O Qb6 13. Be2 Qxb3 14. axb3 Bb4 15. g4 g5 16. Be1 O-O-O 17. h4 Rde8 18. Bf2 gxh4 19. g5 Ng8 20. Bd3 Rh5 21. Rdg1 Ne7 22. Rh3 Reh8 23. Rg4 Nf8 24. Ne2 Ne6 25. f4 g6 26. Rgxh4 Rxh4 27. Rxh4 Rxh4 28. Bxh4 1/2-1/2

[Event "44th Chess Olympiad Women 2022"]
[Site "Chennai"]
[Date "2022.07.31"]
[Round "3.18"]
[White "Mordido, Kylen Joy"]
[Black "Gajcin, Marina"]
[Result "1/2-1/2"]
[WhiteElo "2023"]
[BlackElo "2271"]
[Annotator "RC"]
[PlyCount "156"]
[EventDate "2022.??.??"]
[TimeControl "60"]

1. c4 Nf6 2. Nc3 c5 3. Nf3 Nc6 4. d4 cxd4 5. Nxd4 e6 6. e3 Be7 7. Be2 O-O 8. O-O Qc7 9. b3 b6 10. Bf3 Bb7 11. Ncb5 Qb8 12. Bb2 Rd8 13. Qe2 a6 14. Nxc6 dxc6 15. Nd4 Qc8 16. Qc2 c5 17. Bxb7 Qxb7 18. Ne2 Qe4 19. Qxe4 Nxe4 20. Rfd1 b5 21. f3 Nd6 22. cxb5 axb5 23. Kf2 f6 24. a3 Kf7 25. Bc3 Ke8 26. Nf4 Kf7 27. Ne2 Rdc8 28. a4 b4 29. Be1 Nb7 30. Rab1 Na5 31. Nc1 c4 32. bxc4 Rxc4 33. Nd3 Rc2+ 34. Rd2 Rxd2+ 35. Bxd2 Nc6 36. Rc1 Ra6 37. Nb2 Ke8 38. Rc4 Kd7 39. Ke2 Bf8 40. Kd1 Be7 41. Ke2 Kc7 42. Kd1 Kb7 43. Kc2 Ra8 44. Be1 f5 45. f4 Ra6 46. Bd2 Ra8 47. Be1 Rd8 48.
Kb1 Kb6 49. Rc1 Na5 50. Rc2 Bc5 51. Bd2 Rd7 52. Be1 Rd5 53.
Bd2 Ka6 54. Be1 g6 55. Re2 Rd7 56. e4 Rd6 57. Rc2 Nb7 58. exf5 exf5 59. Re2 Na5 60. Re5 Rc6 61. Nd3 Bd6 62. Rd5 Rb6 63. Bf2 Rc6 64. Be1 Rb6 65. Bf2 Rc6 66. Ne5 Bxe5 67. fxe5 Nc4 68. Rd7 Na3+ 69. Ka1 Rc1+ 70. Kb2 Rc2+ 71. Kb3 Rxf2 72. Kxb4 Nc2+ 73. Kc3 Rxg2 74. Rxh7 Re2 75. Rg7 Rxe5 76. Rxg6+ Ka5 77. Kxc2 Re2+ 78.
Kd3 Rxh2 1/2-1/2

[Event "44th Chess Olympiad Women 2022"]
[Site "Chennai"]
[Date "2022.07.31"]
[Round "3.18"]
[White "Velikic, Adela"]
[Black "Mendoza, Shania Mae"]
[Result "1-0"]
[WhiteElo "2273"]
[BlackElo "2153"]
[Annotator "RC"]
[PlyCount "141"]
[EventDate "2022.??.??"]
[TimeControl "60"]

1. d4 d5 2. c4 e6 3. Nf3 c6 4. e3 Nf6 5. Nc3 Nbd7 6. Bd3 Bd6 7. O-O e5 8.
cxd5 cxd5 9. e4 exd4 10. Nxd4 O-O 11. Nf5 dxe4 12. Nxe4 Nxe4 13. Bxe4 Be5 14. Qc2 Nf6 15. Bf3 Re8 16. Rd1 Qc7 17. Qxc7 Bxc7 18. Ne3 Rb8 19. Bd2 Be6 20. Bc3 Nd7 21. Bd5 Nf8 22. Rac1 Bf4 23. Bxe6 Nxe6 24. Rc2 Bxe3 25. fxe3 Rbc8 26. Rd5 h6 27. Rf2 Red8 28. Rfd2 Re8 29. Re5 Red8 30. Red5 Re8 31. Re5 Red8 32. Red5 Rxd5 33. Rxd5 Rc7 34. Kf2 Kf8 35. Ke2 Ke7 36. Kd3 g6 37. Bb4+ Ke8 38. Bc3 Ke7 39. h3 f5 40. Bb4+ Ke8 41. Rd6 Kf7 42. g4 f4 43. Ke2 a6 44. Rd2 g5 45. Bd6 fxe3 46. Kxe3 Rc1 47. Rf2+ Kg6 48. Ke4 Re1+ 49. Kd5 Re3 50. Be5 Nd8 51. Rf6+ Kh7 52. Rf8 Nc6 53. Bc3 Re7 54. Kd6 Kg6 55. Rg8+ Kf7 56. Rg7+ Ke8 57. Rxe7+ Nxe7 58. Bg7 h5 59. Bf6 hxg4 60. hxg4 Nc6 61. Bxg5 Nb4 62. Kc7 Nxa2 63. Bd2 b5 64. Kb6 Kf7 65. Kxa6 b4 66. Kb5 Kg6 67. Kc4 Kf6 68. Kb3 Nc3 69. bxc3 bxc3 70. Kxc3 Ke5 71. Kd3 1-0